[Event "MCC Labor Day Schev 2024"]
[Site "New York"]
[Date "2024.08.31"]
[Round "3.7"]
[White "Khodzhamkuliev, Bahadur"]
[Black "Gaw, Chloe"]
[Result "1/2-1/2"]
[ECO "E04"]
[WhiteElo "2187"]
[BlackElo "1981"]
[Annotator "RC"]
[PlyCount "92"]
[EventDate "2024.08.28"]
[EventType "schev"]
[EventCountry "USA"]
[SourceTitle "playchess.com"]
[Source "ChessBase"]
[SourceQuality "1"]
[TimeControl "5400+30"]

1. d4 d5 2. c4 dxc4 3. Nf3 Nf6 4. g3 e6 5. Bg2 c5 6. O-O Nc6 7. dxc5 Bxc5 8. Qxd8+ Kxd8 9. Nbd2 Bd7 10. Nxc4 Ke7 11. Nfe5 Rac8 12. Nd3 Nd4 13. Bd2 Nxe2+ 14. Kh1 b6 15. Nxc5 bxc5 16. Rfe1 Nd4 17. Rac1 Bc6 18. Bxc6 Nxc6 19. Be3 Nd4 20. Ne5 Nd5 21. Bxd4 cxd4 22. Nc6+ Kd6 23. Nxd4 Rxc1 24. Rxc1 Ke5 25. Rc4 Nb6 26. Nf3+ Kd6 27. Rg4 g6 28. Rd4+ Ke7 29. Kg2 Rc8 30. h4 Rc2 31. Rb4 h6 32. Rb5 Nc4 33. Nd4 Rxb2 34. Nc6+ Kd7 35. Ne5+ Ke7 36. Nc6+ Kd7 37. Rxb2 Nxb2 38. Nxa7 Na4 39. Nb5 Kc6 40. Nd4+ Kd5 41. Ne2 Ke4 42. g4 f5 43. h5 gxh5 44. Ng3+ Kf4 45. gxf5 exf5 46. Nxh5+ Ke5 1/2-1/2

[Event "MCC Labor Day Schev 2024"]
[Site "New York"]
[Date "2024.08.31"]
[Round "3.8"]
[White "Stern, Kevin B"]
[Black "Zaderman, Vitaly"]
[Result "1-0"]
[ECO "A37"]
[WhiteElo "1920"]
[BlackElo "2093"]
[Annotator "RC"]
[PlyCount "155"]
[EventDate "2024.08.28"]
[EventType "schev"]
[EventCountry "USA"]
[SourceTitle "playchess.com"]
[Source "ChessBase"]
[SourceQuality "1"]
[TimeControl "5400+30"]

1. c4 c5 2. g3 Nc6 3. Bg2 g6 4. Nc3 Bg7 5. a3 e5 6. Nf3 Nge7 7. O-O O-O 8. d3 f5 9. Ne1 a6 10. Nc2 Rb8 11. Rb1 b5 12. cxb5 axb5 13. Ne3 b4 14. axb4 cxb4 15. Ncd5 Kh8 16. Nc4 Nxd5 17. Bxd5 Qc7 18. Bg2 Nd4 19. Be3 d6 20. Bxd4 exd4 21. Rc1 Bb7 22. Bxb7 Rxb7 23. Qa4 Qe7 24. Qc6 Ra7 25. Rfe1 Rd8 26. Nb6 Qb7 27. Qxb7 Rxb7 28. Nd5 Kg8 29. Rc4 Kf7 30. Rec1 Bh6 31. Rc7+ Rd7 32. Rxd7+ Rxd7 33. Rc4 Bd2 34. Rxd4 b3 35. Nb6 Re7 36. e3 Rxe3 37. Rxd6 Re7 38. Nc4 Bb4 39. Rb6 Bc5 40. Rxb3 Re2 41. Ne3 Bxe3 42. fxe3 Rxe3 43. Kf2 Re7 44. Rb6 g5 45. b4 Rd7 46. Ke3 Re7+ 47. Kf3 Rd7 48. Ke3 Re7+ 49. Kd2 f4 50. gxf4 gxf4 51. Rh6 Kg7 52. Rh4 Rf7 53. Ke2 Kg6 54. Kf3 Rd7 55. Rxf4 Rxd3+ 56. Kg4 h5+ 57. Kh4 Rb3 58. Rc4 Kf5 59. Kxh5 Rh3+ 60. Rh4 Rb3 61. Kh6 Kf6 62. Rf4+ Ke5 63. Kg5 Rh3 64. Rh4 Rb3 65. Kg6 Kd5 66. b5 Kc5 67. Rh5+ Kb6 68. h4 Rb4 69. Rh8 Rg4+ 70. Kf5 Rg1 71. Rb8+ Kc7 72. Re8 Rb1 73. Re5 Kd6 74. Kf6 Rh1 75. h5 Rf1+ 76. Rf5 Rh1 77. Kg6 Ke6 78. Rg5 1-0

[Event "MCC Labor Day Schev 2024"]
[Site "New York"]
[Date "2024.08.30"]
[Round "3.8"]
[White "Stern, Kevin B"]
[Black "Zaderman, Vitaly"]
[Result "*"]
[ECO "A37"]
[WhiteElo "1920"]
[BlackElo "2093"]
[Annotator "RC"]
[PlyCount "48"]
[EventDate "2024.08.28"]
[EventType "schev"]
[EventCountry "USA"]
[SourceTitle "playchess.com"]
[Source "ChessBase"]
[SourceQuality "1"]
[TimeControl "5400+30"]

1. c4 c5 2. g3 Nc6 3. Bg2 g6 4. Nc3 Bg7 5. a3 e5 6. Nf3 Nge7 7. O-O O-O 8. d3 f5 9. Ne1 a6 10. Nc2 Rb8 11. Rb1 b5 12. cxb5 axb5 13. Ne3 b4 14. axb4 cxb4 15. Ncd5 Kh8 16. Nc4 Nxd5 17. Bxd5 Qc7 18. Bg2 Nd4 19. Be3 d6 20. Bxd4 exd4 21. Rc1 Bb7 22. Be4 Bc6 23. Bxc6 Rb7 24. Bxb7 Qe7 *

[Event "MCC Labor Day Schev 2024"]
[Site "New York"]
[Date "2024.08.31"]
[Round "3.9"]
[White "Martin Del Campo Cardenas, Roberto Abel"]
[Black "Mottola, Max"]
[Result "1/2-1/2"]
[ECO "B13"]
[WhiteElo "2216"]
[BlackElo "2103"]
[Annotator "RC"]
[PlyCount "106"]
[EventDate "2024.08.28"]
[EventType "schev"]
[EventCountry "USA"]
[SourceTitle "playchess.com"]
[Source "ChessBase"]
[SourceQuality "1"]
[TimeControl "5400+30"]

1. e4 c6 2. d4 d5 3. exd5 cxd5 4. c4 Nf6 5. Nc3 Nc6 6. Nf3 Bg4 7. cxd5 Nxd5 8. Qb3 Bxf3 9. gxf3 Nb6 10. Be3 e6 11. O-O-O Be7 12. d5 exd5 13. Bxb6 Qxb6 14. Qxb6 axb6 15. Nxd5 Rxa2 16. Kb1 Ra5 17. Bb5 Kf8 18. Nxe7 Kxe7 19. Rhe1+ Kf6 20. Rd6+ Kf5 21. Bxc6 bxc6 22. Rxc6 Rb5 23. Re7 Rf8 24. Rcc7 Kg6 25. Re4 Rh5 26. h4 Rf5 27. Rc3 Rd8 28. Kc2 Rfd5 29. Rc6+ f6 30. Rxb6 Rd2+ 31. Kc3 R8d3+ 32. Kc4 Rxf3 33. Rb7 Rfxf2 34. Rg4+ Kf5 35. Rgxg7 Rxb2 36. Rxb2 Rxb2 37. Rxh7 Ke4 38. Re7+ Kf4 39. Re1 f5 40. Rh1 Kg3 41. h5 Rb7 42. h6 Rh7 43. Kd4 f4 44. Rg1+ Kf2 45. Rg6 f3 46. Ra6 Kg2 47. Ke3 Re7+ 48. Kf4 f2 49. Ra2 Kg1 50. Rxf2 Kxf2 51. Kg5 Kg3 52. Kg6 Re6+ 53. Kg7 Rxh6 1/2-1/2

[Event "MCC Labor Day Schev 2024"]
[Site "New York"]
[Date "2024.08.31"]
[Round "4.1"]
[White "Almeida Saenz, Alfonso"]
[Black "Zhao, Alex"]
[Result "1/2-1/2"]
[ECO "B07"]
[WhiteElo "2202"]
[BlackElo "2043"]
[Annotator "RC"]
[PlyCount "74"]
[EventDate "2024.08.28"]
[EventType "schev"]
[EventCountry "USA"]
[SourceTitle "playchess.com"]
[Source "ChessBase"]
[SourceQuality "1"]
[TimeControl "5400+30"]

1. d4 d6 2. e4 Nf6 3. Nc3 g6 4. Bg5 Bg7 5. f3 c6 6. Bc4 h6 7. Be3 b5 8. Bb3 Nbd7 9. Qd2 Bb7 10. a3 Qc7 11. Nge2 a6 12. f4 c5 13. e5 Ne4 14. Nxe4 Bxe4 15. Ng3 Bb7 16. c3 c4 17. Bc2 e6 18. O-O Nb6 19. f5 exf5 20. exd6 Qxd6 21. Bf4 Qd5 22. Rae1+ Kf8 23. Bc7 Nd7 24. Bxf5 gxf5 25. Nxf5 Bf6 26. Rf3 Bg5 27. Qf2 Rh7 28. h4 Bf6 29. Bd6+ Kg8 30. Be7 Kh8 31. Ne3 Qxf3 32. gxf3 Bxe7 33. Nf5 Rg8+ 34. Kf1 Bf6 35. Re3 Nb6 36. Qh2 Nd5 37. Re4 Bc8 1/2-1/2

[Event "MCC Labor Day Schev 2024"]
[Site "New York"]
[Date "2024.08.31"]
[Round "4.2"]
[White "Mottola, Max"]
[Black "Rohde, Michael"]
[Result "1/2-1/2"]
[ECO "B13"]
[WhiteElo "2103"]
[BlackElo "2280"]
[Annotator "TA"]
[PlyCount "59"]
[EventDate "2024.08.28"]
[EventType "schev"]
[EventCountry "USA"]
[SourceTitle "playchess.com"]
[Source "ChessBase"]
[SourceQuality "1"]
[TimeControl "5400+30"]

1. e4 c6 2. d4 d5 3. exd5 cxd5 4. Bd3 Nc6 5. c3 Qc7 6. Ne2 Bg4 7. O-O e6 8. Qe1 $1 Bxe2 9. Qxe2 {[%emt 0:00:42] White is slightly better.} Bd6 10. g3 Nf6 11. Nd2 O-O 12. Nf3 e5 13. dxe5 Nxe5 14. Nd4 Nxd3 15. Qxd3 Qc4 16. Qf3 (16. Qxc4 {simplifies} dxc4 17. Nf5 Bc5 18. Be3) 16... Rfe8 17. Nf5 (17. Be3 {simplifies} Be5 18. Rfd1 Rad8 19. a4) 17... Bc5 (17... Re6 {simplifies} 18. Nxd6 Rxd6 19. Re1 Re6) 18. Be3 Bxe3 19. Nd6 Qg4 20. Qxg4 Nxg4 21. Nxe8 {[%emt 0:00:35] [#] Threatens to win with Nc7.} Bxf2+ 22. Rxf2 (22. Kh1 $5) 22... Nxf2 $14 {[%emt 0:02:42][%mdl 4096] Endgame. KRN-KRN} (22... Rxe8 $2 {loses.} 23. Rd2 $18) 23. Nc7 Rc8 24. Nxd5 {[%emt 0:01:08] Ne7+ would now be deadly.} Rd8 25. c4 Nh3+ 26. Kg2 Ng5 27. Rd1 Kf8 28. b4 g6 29. c5 Ne4 30. Kf3 {[%emt 0:02:39] Weighted Error Value: White=0.07 (flawless) /Black=0.08 (flawless) .  Inaccurate:     	White=3     	Black=1      OK:         	White=10    	Black=8      Best:        	---       	Black=1      Strong:       	White=1     	---} 1/2-1/2

[Event "MCC Labor Day Schev 2024"]
[Site "New York"]
[Date "2024.08.31"]
[Round "4.3"]
[White "Podavonov, Alisher"]
[Black "Stern, Kevin B"]
[Result "1-0"]
[ECO "D37"]
[WhiteElo "2140"]
[BlackElo "1920"]
[Annotator "NA RC"]
[PlyCount "129"]
[EventDate "2024.08.28"]
[EventType "schev"]
[EventCountry "USA"]
[SourceTitle "playchess.com"]
[Source "ChessBase"]
[SourceQuality "1"]
[TimeControl "5400+30"]

1. d4 d5 2. Nf3 Nf6 3. c4 e6 4. Nc3 a6 5. cxd5 exd5 6. Bg5 Be6 7. Bxf6 Qxf6 8. Qb3 Ra7 9. Rc1 Qd8 10. e3 c6 11. Bd3 Nd7 12. h4 h6 13. Bb1 Bd6 14. Qc2 Nf6 15. Na4 Bb4+ 16. Kf1 Ne4 17. Nc5 Bf5 18. Nxe4 Bxe4 19. Qb3 Qe7 20. a3 Bd6 21. Qb6 Bb8 22. Rxc6 O-O 23. Rc1 Bxb1 24. Rxb1 Rc8 25. Qb3 Qe4 26. Nd2 Qf5 27. Ke2 b5 28. Rhc1 Rac7 29. Rxc7 Rxc7 30. g3 Rc2 31. Qd3 Qh5+ 32. Kf1 Rc6 33. Kg2 Qg4 34. Re1 Rg6 35. Nf1 Rf6 36. Qe2 Qe4+ 37. Kg1 Rc6 38. Nd2 Qg6 39. Qf3 Rf6 40. Qg2 Qc2 41. Re2 Qd1+ 42. Qf1 Qxf1+ 43. Nxf1 Rc6 44. Kg2 Bd6 45. Kf3 g5 46. hxg5 hxg5 47. Kg4 f6 48. Kf5 Kg7 49. Nh2 a5 50. Nf3 Bf8 51. Ne1 b4 52. axb4 axb4 53. Rc2 Rc4 54. b3 Rxc2 55. Nxc2 Kf7 56. Ne1 Bd6 57. Nd3 Be7 58. Nc5 Bd8 59. Na6 Ba5 60. Nb8 Bc7 61. Nd7 Bd8 62. g4 Bc7 63. Nxf6 Bh2 64. Nxd5 Bg1 65. f3 1-0

[Event "MCC Labor Day Schev 2024"]
[Site "New York"]
[Date "2024.08.31"]
[Round "4.4"]
[White "Colas, Joshua"]
[Black "Aravindakshan, Sahana"]
[Result "1-0"]
[ECO "E60"]
[WhiteElo "2224"]
[BlackElo "2003"]
[Annotator "TA"]
[PlyCount "87"]
[EventDate "2024.08.28"]
[EventType "schev"]
[EventCountry "USA"]
[SourceTitle "playchess.com"]
[Source "ChessBase"]
[SourceQuality "1"]
[TimeControl "5400+30"]

1. Nf3 Nf6 2. c4 g6 3. b3 Bg7 4. Bb2 O-O 5. g3 d6 6. d4 c6 7. Bg2 Qc7 8. O-O Bg4 9. h3 Bxf3 {[%emt 0:00:08] White is slightly better.} 10. Bxf3 e5 11. Nc3 Re8 12. dxe5 dxe5 13. Qc2 Nbd7 14. b4 (14. Rab1 $11) 14... Nf8 (14... e4 $15 15. Bg2 (15. Bxe4 $2 {too greedy.} Nxe4 16. Nxe4 Bxb2 $19) 15... a5) 15. e3 N6d7 16. g4 Ne6 17. Bg2 Rf8 18. Qb3 Qd8 19. Rad1 Qe7 20. Ba3 Rfd8 ({Black should try} 20... Rad8 $14) 21. b5 $16 {[%emt 0:00:18] White is more active.} Ndc5 22. bxc6 bxc6 23. Ne4 Bf8 24. Qc2 (24. Nxc5 $16 Nxc5 25. Bxc6) 24... Qc7 $11 25. Bb2 Bg7 {[%emt 0:01:28] Dodges Nf6+} 26. h4 Nxe4 27. Qxe4 Rac8 28. Rxd8+ Qxd8 29. g5 Nc5 30. Qg4 Rb8 31. Ba1 Qa5 (31... Qd3 {with more complications.} 32. Bxc6 Rb1 33. Qh3 Ne4) 32. Bxc6 Qxa2 33. Bd5 {[%emt 0:00:29] A strong pair of Bishops.} Qa5 {[%emt 0:01:10] [#]} (33... Qc2 $14) 34. h5 ({Better is} 34. f4 $1 $18 ) 34... gxh5 $16 35. Qxh5 Qc7 (35... Ne6 $16 {is a better defense.}) 36. Kg2 {[%emt 0:00:53] Rh1 is the strong threat.} Ne6 37. Rh1 Nf8 38. Rh3 Rb1 $2 {[%emt 0:01:05] [#]} (38... a5 39. Bc3 a4) 39. Rf3 $1 $18 Kh8 (39... Rb7 40. Rxf7) 40. Rxf7 {[%emt 0:00:10] White mates.} Qa5 41. Rxg7 Qxd5+ 42. cxd5 Kxg7 43. Bxe5+ Kg8 44. Qe8 {[%emt 0:00:15] Weighted Error Value: White=0.13 (very precise) /Black=0.41.  Loses game:     	---       	Black=1      Mistake:       	White=3     	Black=4      Inaccurate:     	White=2     	Black=2      OK:         	White=12    	Black=7      Best:        	White=4     	Black=3} 1-0

[Event "MCC Labor Day Schev 2024"]
[Site "New York"]
[Date "2024.08.31"]
[Round "4.5"]
[White "Sarkar, Justin"]
[Black "Sloan, Jed"]
[Result "0-1"]
[ECO "A22"]
[WhiteElo "2276"]
[BlackElo "2039"]
[Annotator "TA"]
[PlyCount "64"]
[EventDate "2024.08.28"]
[EventType "schev"]
[EventCountry "USA"]
[SourceTitle "playchess.com"]
[Source "ChessBase"]
[SourceQuality "1"]
[TimeControl "5400+30"]

1. c4 e5 2. Nc3 Nf6 3. Nf3 e4 4. Ng5 c6 5. Qa4 Be7 6. Ngxe4 Nxe4 7. Nxe4 O-O 8. c5 {[%emt 0:07:12] White is better.} f5 9. Nc3 d6 10. cxd6 Qxd6 11. e3 b5 12. Qc2 Qg6 {[%emt 0:02:47] White now steadily converts the win.} 13. g3 Na6 14. a3 {[%emt 0:00:08] Dodges Nb4} Be6 15. Bg2 Nc5 {[%emt 0:04:35] [#]} ({Black should try} 15... Rad8) 16. b4 $1 $16 Ne4 17. Nxe4 fxe4 (17... Bd5 $16) 18. Bxe4 $18 (18. Qxe4 Qf6 19. O-O Bc4) 18... Qf6 19. d4 (19. Bxh7+ Kh8 20. O-O (20. d4 $2 Bb3 $19) 20... Qxa1 $17) 19... Bc4 20. Bxh7+ Kh8 21. f4 ({Much less strong is} 21. Be4 Rae8 $16) 21... Rae8 (21... Qe6 $142 22. Bd3 a5) 22. Bg6 Rd8 23. Bd3 c5 24. Bxc4 bxc4 25. bxc5 Bxc5 26. O-O Bxd4 (26... Rxd4 {was necessary.} 27. Bb2 (27. exd4 Bxd4+ $18) 27... c3) 27. exd4 {[%emt 0:00:30] White is clearly winning.} Qxd4+ 28. Qf2 Qxa1 29. Bb2 (29. Qxa7 $2 {too greedy.} Qc3 30. f5 Qe5 $19) 29... Qxf1+ 30. Qxf1 Rd3 31. Qh3+ Kg8 32. Qe6+ Rf7 {[%emt 0:00:12][%mdl 32768] Weighted Error Value: White=0.08 (flawless) /Black=0.37.  Mistake:       	---       	Black=4      Inaccurate:     	White=2     	Black=2      OK:         	White=12    	Black=4      Best:        	White=1     	Black=1      Strong:       	White=1     	---       . Loss on time!?} 0-1

[Event "MCC Labor Day Schev 2024"]
[Site "New York"]
[Date "2024.08.31"]
[Round "4.6"]
[White "Gaw, Chloe"]
[Black "Nasta, Kiren Vivek"]
[Result "1/2-1/2"]
[ECO "D85"]
[WhiteElo "1981"]
[BlackElo "2148"]
[Annotator "RC"]
[PlyCount "50"]
[EventDate "2024.08.28"]
[EventType "schev"]
[EventCountry "USA"]
[SourceTitle "playchess.com"]
[Source "ChessBase"]
[SourceQuality "1"]
[TimeControl "5400+30"]

1. d4 Nf6 2. c4 g6 3. Nc3 d5 4. cxd5 Nxd5 5. e4 Nxc3 6. bxc3 Bg7 7. Qa4+ Nd7 8. Nf3 O-O 9. Be2 Nb6 10. Qa3 Qd6 11. O-O Be6 12. Rd1 Qxa3 13. Bxa3 Rfe8 14. Nd2 c5 15. Bxc5 Na4 16. Bb5 Nxc3 17. Bxe8 Rxe8 18. Bxa7 Nxd1 19. Rxd1 Ra8 20. Bc5 Rxa2 21. Nf3 Bb3 22. Rc1 e6 23. Bd6 Ra8 24. h3 Ba4 25. Rc7 h6 1/2-1/2

[Event "MCC Labor Day Schev 2024"]
[Site "New York"]
[Date "2024.08.31"]
[Round "4.7"]
[White "Shangin, Lev"]
[Black "Khodzhamkuliev, Bahadur"]
[Result "1/2-1/2"]
[ECO "A41"]
[WhiteElo "1974"]
[BlackElo "2187"]
[Annotator "RC"]
[PlyCount "40"]
[EventDate "2024.08.28"]
[EventType "schev"]
[EventCountry "USA"]
[SourceTitle "playchess.com"]
[Source "ChessBase"]
[SourceQuality "1"]
[TimeControl "5400+30"]

1. d4 g6 2. e4 Bg7 3. c4 d6 4. Nf3 Bg4 5. d5 Nf6 6. Nc3 Nbd7 7. Be2 Bxf3 8. Bxf3 O-O 9. Be3 a5 10. Be2 e5 11. Qc2 Nc5 12. O-O Nfd7 13. b3 f5 14. f3 fxe4 15. fxe4 Qh4 16. g3 Qh3 17. Rxf8+ Rxf8 18. Bf1 Qh5 19. Be2 Qh3 20. Bf1 Qh5 1/2-1/2

[Event "MCC Labor Day Schev 2024"]
[Site "New York"]
[Date "2024.08.31"]
[Round "4.8"]
[White "Zaderman, Vitaly"]
[Black "Patel, Maahir M"]
[Result "1-0"]
[ECO "D37"]
[WhiteElo "2093"]
[BlackElo "2005"]
[Annotator "NA RC"]
[PlyCount "59"]
[EventDate "2024.08.28"]
[EventType "schev"]
[EventCountry "USA"]
[SourceTitle "playchess.com"]
[Source "ChessBase"]
[SourceQuality "1"]
[TimeControl "5400+30"]

1. c4 e6 2. Nc3 d5 3. d4 Nf6 4. e3 Be7 5. Nf3 O-O 6. Bd3 dxc4 7. Bxc4 a6 8. O-O b5 9. Bd3 Bb7 10. a3 Nbd7 11. b4 Bd6 12. Bb2 Qe7 13. e4 e5 14. d5 c6 15. Re1 Nb6 16. Bf1 cxd5 17. exd5 Nbxd5 18. Nxd5 Bxd5 19. Nxe5 Qb7 20. Qd4 Qc8 21. h3 h5 22. Bd3 Qb7 23. Rad1 Rfd8 24. Qh4 Bxg2 25. Qg5 Bxh3 26. Nc6 Qxc6 27. Bxf6 Bf8 28. Bxd8 Rxd8 29. Bh7+ Kxh7 30. Rxd8 1-0

[Event "MCC Labor Day Schev 2024"]
[Site "New York"]
[Date "2024.08.31"]
[Round "4.9"]
[White "Hoffman, Luc"]
[Black "Martin Del Campo Cardenas, Roberto Abel"]
[Result "1/2-1/2"]
[ECO "A45"]
[WhiteElo "2067"]
[BlackElo "2216"]
[Annotator "RC"]
[PlyCount "45"]
[EventDate "2024.08.28"]
[EventType "schev"]
[EventCountry "USA"]
[SourceTitle "playchess.com"]
[Source "ChessBase"]
[SourceQuality "1"]
[TimeControl "5400+30"]

1. d4 Nf6 2. Bg5 Ne4 3. h4 c5 4. d5 g6 5. Bf4 Qb6 6. Qc1 Bg7 7. c3 Nf6 8. Be5 d6 9. Bxf6 Bxf6 10. Nd2 h5 11. e4 Bg7 12. Ngf3 Nd7 13. Bd3 Qd8 14. Qc2 a6 15. a4 b6 16. O-O O-O 17. Rfe1 Ne5 18. Nxe5 Bxe5 19. Nf3 Bf6 20. e5 dxe5 21. Nxe5 Qd6 22. Nc4 Qc7 23. Be4 1/2-1/2

[Event "MCC Labor Day Schev 2024"]
[Site "New York"]
[Date "2024.09.01"]
[Round "5.1"]
[White "Sloan, Jed"]
[Black "Colas, Joshua"]
[Result "0-1"]
[ECO "B29"]
[WhiteElo "2039"]
[BlackElo "2224"]
[Annotator "TA"]
[PlyCount "58"]
[EventDate "2024.08.28"]
[EventType "schev"]
[EventCountry "USA"]
[SourceTitle "playchess.com"]
[Source "ChessBase"]
[SourceQuality "1"]
[TimeControl "5400+30"]

1. e4 c5 2. Nf3 Nf6 3. e5 Nd5 4. Nc3 e6 5. Ne4 Nc6 6. Bb5 Qc7 ({Better is} 6... f5 $11 7. exf6 Nxf6 8. Nxf6+ Qxf6) 7. Bxc6 $14 Qxc6 8. O-O {[%emt 0:05:44] White has an edge.} Be7 9. d3 h6 {[%emt 0:00:39] Inhibits Bg5.} (9... f5 $11 10. Ng3 b6) 10. c4 $16 Nc7 11. Bf4 O-O 12. Nfd2 (12. Re1 $16) 12... Ne8 $11 {[%emt 0:01:29] Inhibits Nf6+.} 13. Qh5 {[%emt 0:03:50][%cal Of4h6] Threatening Bxh6!} f5 (13... d5 $1 $11 14. exd6 Nxd6) 14. exf6 $16 Nxf6 15. Qg6 Kh8 16. Rae1 (16. Nf3 $1 $16 {[%cal Of4h6] And now Bxh6! would win.} Nxe4 17. Ne5) 16... d6 $11 17. Nxf6 Rxf6 18. Qg3 (18. Qe4 $1 $11) 18... e5 $17 19. Be3 Bf5 {[%emt 0:00:17][%cal Of6g6] Repels Ne4. aiming for ...Rg6!} 20. Ne4 Rg6 (20... Bxe4 21. dxe4 Qxe4 22. Bxh6 $16) 21. Qf3 Rf8 22. Qh5 Bxe4 (22... Kh7 $1 $17 {[%cal Of5g4] Hoping for ...Bg4!} 23. f3 Qa4) 23. dxe4 $15 Qxe4 24. f3 (24. g3 $15) 24... Qd3 $1 $17 (24... Qxc4 $2 {loses.} 25. Qxg6 Qxa2 26. f4 Qxb2 27. fxe5 Qxe5 28. Rxf8+ Bxf8 29. Qf7 $18) 25. b3 Bd8 {[%emt 0:01:18][%cal Be7d8,Bd8a5,Ba5c3][%mdl 32] ...Ba5 would now be deadly. Black is more active.} 26. Bc1 {[%emt 0:02:39] [#]} (26. f4 $17) 26... Ba5 $1 $40 {[%emt 0:00:31][%mdl 128] Black has strong attack. White is weak on the dark squares} 27. Re4 (27. Re3 $142 Qc2 28. g4) 27... Kh7 28. Rg4 $2 (28. Be3) 28... Rxg4 29. Qxg4 {[%emt 0:00:30] [#]} Bc3 $1 {Weighted Error Value: White=0.63/Black=0.20 (precise) .  Mistake:       	White=7     	Black=4      Inaccurate:     	White=2     	---        OK:         	White=7     	Black=7      Best:        	White=1     	Black=2      Strong:       	---       	Black=2} 0-1

[Event "MCC Labor Day Schev 2024"]
[Site "New York"]
[Date "2024.09.01"]
[Round "5.2"]
[White "Stern, Kevin B"]
[Black "Almeida Saenz, Alfonso"]
[Result "0-1"]
[ECO "E01"]
[WhiteElo "1920"]
[BlackElo "2202"]
[Annotator "TA"]
[PlyCount "162"]
[EventDate "2024.08.28"]
[EventType "schev"]
[EventCountry "USA"]
[SourceTitle "playchess.com"]
[Source "ChessBase"]
[SourceQuality "1"]
[TimeControl "5400+30"]

1. d4 Nf6 2. Nf3 d5 3. c4 e6 4. g3 c5 5. cxd5 Nxd5 6. Bg2 cxd4 7. Nxd4 Bb4+ 8. Bd2 Bc5 {[%emt 0:01:09] White has an edge.} 9. Nb3 Be7 10. O-O O-O 11. Nc3 Nb6 12. Rc1 Nc6 13. Qc2 a5 (13... Bd7 $14) 14. a4 (14. Rfd1 $16) 14... Bd7 $14 15. Rfd1 Nb4 16. Qb1 Qe8 (16... N6d5 $14) 17. Bxb7 $16 Ra7 18. Bg2 Bxa4 19. Nxa4 Qxa4 20. Nc5 ({White should play} 20. Be3 $16 Qxb3 21. Bxb6) 20... Qb5 21. Nd3 (21. Be3 {is interesting.} Rc7 22. Nxe6 Rxc1 23. Rxc1 fxe6 24. Qe4) 21... Nxd3 22. Qxd3 Qxd3 23. exd3 Na4 $2 (23... Nd5 $11) 24. Bc3 $2 ({Only move:} 24. Be3 $18 Ra6 25. b3) 24... Nxc3 $15 25. Rxc3 Bb4 26. Rc4 Rd7 27. d4 Rfd8 28. d5 Kf8 29. Rcd4 h6 30. R4d3 Rd6 31. Kf1 Ke7 32. b3 g5 33. g4 Rc8 34. Be4 Rc5 35. dxe6 Rxd3 (35... Rxe6 36. Bf5 Ree5 37. h4) 36. Bxd3 fxe6 $11 {[%emt 0:00:07][%mdl 4096] Endgame. KRB-KRB} 37. Rb1 Rc3 38. Ke2 Bd6 39. h3 Be5 40. Kd2 Rc8 41. Ke2 Bd4 42. f3 Kd6 43. Rd1 Ke5 44. Bb5 Rc3 45. Rd3 Rc5 46. Bd7 Rd5 47. Bc6 Rd6 48. Ba4 Kf4 49. Rd1 Kg3 50. Bb5 e5 ({Of course not} 50... Kxh3 51. Rh1+ Kg3 52. Rxh6 $11) 51. Bd3 Kxh3 52. Rc1 Rb6 53. Rb1 Kg3 54. Be4 Kf4 55. Bd3 Rc6 {[%emt 0:00:08] White must now prevent ...Rc3.} 56. Be4 ({White should try} 56. b4 $15) 56... Rc3 $17 57. Bd3 {[%emt 0:01:17] [#]} (57. Bb7 $142) 57... Rc7 $2 (57... Kg3 $1 $19 {is more deadly. Hoping for ...Kf4.} 58. Be4 h5 59. gxh5 g4) 58. Rh1 Rb7 59. Rb1 Rb6 60. Be4 Rb4 {[%emt 0:04:53] Black is more active.} 61. Bd3 a4 (61... Rb8 $17 62. Be4 Rb5) 62. bxa4 $11 Rxa4 {[%emt 1:05:38] aiming for ...Ra2+.} 63. Rd1 $2 (63. Rc1 $1 $11 {and White has nothing to worry.}) 63... Ra3 $2 (63... Ra2+ $19 64. Rd2 Rxd2+ 65. Kxd2 Kxf3 66. Be2+ Kf2) 64. Rd2 Ra1 {[%emt 0:00:00] With the idea ...Be3.} 65. Rd1 $2 {[%emt 0:09:33][%mdl 8192] Black converts the advantage convincingly.} (65. Bc4 $11) 65... Rxd1 66. Kxd1 Kxf3 {[%emt 0:00:00] KB-KB} 67. Be2+ Kf2 68. Bd3 Ke3 69. Be2 {[%emt 0:00:13] [#]} Bc3 $1 70. Bb5 e4 71. Be2 Bb4 72. Bb5 Kf3 73. Be2+ Kf4 74. Kc2 Ke3 75. Kd1 Bc3 76. Bb5 Kf4 77. Be2 Ke3 78. Bb5 $1 {[%emt 0:01:07] [#]} h5 $1 {[%emt 0:00:00] Black mates.} 79. gxh5 (79. Bd7 h4) 79... g4 80. Bd7 g3 81. Bh3 Kf2 {[%emt 0:00:00] Weighted Error Value: White=0.22 (precise) /Black=0.22 (precise) .  Loses game:     	White=2     	Black=1      Missed win:     	White=1     	Black=2      Mistake:       	White=4     	Black=3      Inaccurate:     	White=5     	Black=6      OK:         	White=18    	Black=20     Best:        	White=3     	Black=3} 0-1

[Event "MCC Labor Day Schev 2024"]
[Site "New York"]
[Date "2024.09.01"]
[Round "5.3"]
[White "Rohde, Michael"]
[Black "Hoffman, Luc"]
[Result "1-0"]
[ECO "E12"]
[WhiteElo "2280"]
[BlackElo "2067"]
[Annotator "TA"]
[PlyCount "29"]
[EventDate "2024.08.28"]
[EventType "schev"]
[EventCountry "USA"]
[SourceTitle "playchess.com"]
[Source "ChessBase"]
[SourceQuality "1"]
[TimeControl "5400+30"]

1. Nf3 Nf6 2. c4 b6 3. Nc3 Bb7 4. d4 e6 5. a3 d5 6. cxd5 Nxd5 7. Bd2 c5 (7... Nd7 $11) 8. e4 $14 Nf6 (8... Nxc3 $14 9. Bxc3 Nd7) 9. Bb5+ ({White should try} 9. d5 $16) 9... Bc6 (9... Nbd7 $14) 10. Qa4 $18 Bxb5 (10... Bd7 {was called for.}) 11. Nxb5 {[%emt 0:02:11] [#] Hoping for Bf4.} (11. Qxb5+ Nbd7 $16) 11... Nbd7 12. Bf4 (12. Nxa7 $2 {perishes.} Qb8 (12... Nxe4 13. Be3 $15) 13. O-O Qxa7 $19 (13... Rxa7 $2 14. Qc2 $19)) 12... Rc8 {[%emt 0:17:44] Inhibits Nc7+.} 13. Qxa7 {[%emt 0:01:24] White is clearly winning.} ({Weaker is} 13. Nxa7 Ra8 $16) 13... Nxe4 14. Bc7 Ra8 {[%emt 0:00:04] [#] aiming for ...Qc8.} 15. Qb7 {[%emt 1:18:06] White took control after the opening.   Weighted Error Value: White=0.08 (flawless) /Black=0.83.  Mistake:       	White=1     	Black=3      Inaccurate:     	---       	Black=1      OK:         	White=4     	---        Best:        	White=2     	Black=1} 1-0